 Dungeon Crawl Stone Soup version 0.29-a0-474-gdfe5cd140f (webtiles) character file.

Game seed: 15222458463542735573

548 Bruhh the Insei (level 7, -2/52 HPs)
             Began as a Gnoll Transmuter on May 24, 2022.
             Slain by an ogre
             ... wielding a +0 giant club
              (13 damage)
             ... on level 5 of the Dungeon.
             The game lasted 00:04:13 (4416 turns).

Bruhh the Insei (Gnoll Transmuter)                  Turns: 4416, Time: 00:04:14

Health: -2/52      AC:  5    Str:  9    XL:     7   Next: 28%
Magic:  15/15      EV: 13    Int: 14    God:
Gold:   119        SH:  0    Dex: 13    Spells: 11/17 levels left

rFire   . . .      SeeInvis .   e - +1 hand axe (drain)
rCold   . . .      Faith    .   (no shield)
rNeg    . . .      Spirit   .   n - +1 leather armour "Qisegairph" {Rampage +Blink rElec rCorr}
rPois   +          Reflect  .   (no helmet)
rElec   +          Harm     .   (no cloak)
rCorr   +          Rampage  +   u - +0 pair of gloves
Will    .....                   (no boots)
Stlth   ++........              (no amulet)
HPRegen 0.17/turn               s - ring of poison resistance
MPRegen 0.14/turn               (no ring)

@: no status effects
A: fangs 1, strong nose, distributed training
a: Evoke Blink


You were on level 5 of the Dungeon.
You visited 1 branch of the dungeon, and saw 5 of its levels.

You collected 119 gold pieces.

Inventory:

Hand Weapons
 e - a +1 hand axe of draining (weapon)
Armour
 a - a +0 robe
 l - the +0 robe of the Sultana {rElec}
   (You found it on level 2 of the Dungeon)

   rElec:     It insulates you from electricity.
 n - the +1 leather armour "Qisegairph" (worn) {Rampage +Blink rElec rCorr}
   (You found it on level 2 of the Dungeon)

   rElec:     It insulates you from electricity.
   +Blink:    It lets you blink.
   rCorr:     It protects you from acid and corrosion.
   Rampage:   It bestows one free step when moving towards enemies.
 u - a +0 pair of gloves (worn)
Jewellery
 d - a ring of fire
 s - a ring of poison resistance (left hand)
 t - an amulet of reflection
Scrolls
 c - 7 scrolls of identify {unknown}
 g - 2 scrolls of teleportation {unknown}
 h - a scroll of vulnerability {unknown}
 i - a scroll of fog {unknown}
 j - a scroll of immolation {unknown}
 k - 2 scrolls of amnesia {unknown}
 m - 2 scrolls of magic mapping {unknown}
 o - a scroll of fear {unknown}
 q - 2 scrolls of enchant armour {unknown}
 r - a scroll of poison {unknown}
Potions
 b - a potion of lignification
 f - a potion of flight
 p - a potion of haste {unknown}


   Skills:
 + Level 3.5 Fighting
 + Level 2.3 Short Blades
 + Level 2.3 Long Blades
 + Level 2.3 Axes
 + Level 2.3 Maces & Flails
 + Level 2.3 Polearms
 + Level 2.3 Staves
 + Level 2.3 Slings
 + Level 2.3 Bows
 + Level 2.3 Crossbows
 + Level 2.3 Throwing
 + Level 2.3 Armour
 + Level 5.2 Dodging
 + Level 2.3 Stealth
 + Level 2.3 Shields
 + Level 7.0 Unarmed Combat
 + Level 5.5 Spellcasting
 + Level 1.9 Conjurations
 + Level 1.9 Hexes
 + Level 1.9 Summonings
 + Level 1.9 Necromancy
 + Level 1.9 Translocations
 + Level 4.3 Transmutations
 + Level 1.9 Fire Magic
 + Level 1.9 Ice Magic
 + Level 1.9 Air Magic
 + Level 1.9 Earth Magic
 + Level 1.9 Poison Magic
 + Level 2.6 Invocations
 + Level 2.3 Evocations


You had 11 spell levels left.
You knew the following spells:

 Your Spells              Type           Power      Damage    Failure   Level
a - Beastly Appendage     Tmut           30%        N/A       3%          1
b - Wereblood             Tmut           15%        N/A       6%          2
c - Spider Form           Tmut/Pois      12%        N/A       19%         3

Your spell library contained the following spells:

 Spells                   Type           Power      Damage    Failure   Level
 Sting                    Tmut/Pois      48%        1d5       6%          1
 Sandblast                Erth           18%        2d7       10%         1
 Shock                    Conj/Air       36%        1d5       10%         1
 Passwall                 Tmut/Erth      10%        N/A       10%         2
 Poisonous Vapours        Pois/Air       18%        N/A       16%         2
 Stone Arrow              Conj/Erth      18%        3d8       30%         3
 Ice Form                 Ice/Tmut       12%        N/A       52%         4
 Olgreb's Toxic Radiance  Pois           9%         N/A       69%         4


Dungeon Overview and Level Annotations

Branches:
Dungeon (5/15)
 Temple: D:4-7

Altars:

Annotations:
D:4 1 runed translucent door, flt's ghost, amateur VSTm


Innate Abilities, Weirdness & Mutations

You have very sharp teeth.
Your uncanny sense of smell can sniff out nearby items.
Your experience applies equally to all skills.


Message History

Flt's ghost wails, "You must not succeed where I failed!"
HP restored.
Could not explore, unopened runed door.
Could not explore, unopened runed door.
Could not explore, unopened runed door.
Could not explore, unopened runed door.
You see here a +0 chain mail.
You see here a +0 pair of gloves.
You start putting on your armour.
You continue putting on your +0 pair of gloves. x4
You finish putting on your +0 pair of gloves.
There is a stone staircase leading down here.
You climb downwards.
There is a stone staircase leading up here.
Found a stone staircase leading up.
You now have 119 gold pieces (gained 5).
An ogre comes into view. It is wielding a +0 giant club.
An ogre is nearby!
An ogre is nearby!
Found a scroll labelled QUEBAPPION.
The ogre closely misses you.
You barely miss the ogre. Your punch misses the ogre.
The ogre closely misses you.
You hit the ogre.
The ogre is lightly wounded.
The ogre hits you with a +0 giant club!
You hit the ogre.
The ogre is moderately wounded.
You hit the ogre.
The ogre is moderately wounded.
The ogre hits you with a +0 giant club!!
Ouch! That really hurt!
* * * LOW HITPOINT WARNING * * *
You are too injured to fight recklessly!
You are too injured to fight recklessly!
You are too injured to fight recklessly!
You barely miss the ogre.
The ogre is moderately wounded.
The ogre hits you with a +0 giant club!
You die...

# #.#. .#..#
#.#.######..##
#............#
#............#
###+#.#+#<......##
.................#
.........#########
.........+
.......@.#
......O..#
.?.......#
.........#
.........#
.........#
##########


You could see an ogre.

Vanquished Creatures
  2 ogres (D:4)
  A bullfrog (D:4)
  A jelly (D:4)
  An iguana (D:4)
  Natasha (twice) (D:2)
  An orc wizard (D:3)
  3 adders
  5 gnolls
  An ufetubus (D:4)
  3 worms
  4 dart slugs
  13 orcs
  7 bats
  8 endoplasms
  2 giant cockroaches
  7 goblins
  4 hobgoblins
  4 jackals
  4 quokkas
  10 ball pythons
  3 frilled lizards
  3 kobolds
  4 rats
93 creatures vanquished.

Vanquished Creatures (others)
  2 fungi (D:4)
2 creatures vanquished.

Grand Total: 95 creatures vanquished

Notes
Turn   | Place    | Note
-------+----------+-------------------------------------------
     0 | D:1      | Bruhh the Gnoll Transmuter began the quest for the Orb.
     0 | D:1      | Reached XP level 1. HP: 17/17 MP: 6/6
   218 | D:1      | Reached XP level 2. HP: 23/23 MP: 5/7
   545 | D:1      | Reached skill level 5 in Spellcasting
   545 | D:1      | Reached XP level 3. HP: 19/28 MP: 6/9
   662 | D:1      | Found a faded altar of an unknown god.
   682 | D:1      | Got Plato's Guide on Lightness
   912 | D:1      | Reached skill level 1 in Invocations
  1235 | D:2      | Reached skill level 1 in Short Blades
  1235 | D:2      | Reached skill level 1 in Long Blades
  1235 | D:2      | Reached skill level 1 in Axes
  1235 | D:2      | Reached skill level 1 in Maces & Flails
  1235 | D:2      | Reached skill level 1 in Polearms
  1235 | D:2      | Reached skill level 1 in Staves
  1235 | D:2      | Reached skill level 1 in Slings
  1235 | D:2      | Reached skill level 1 in Bows
  1235 | D:2      | Reached skill level 1 in Crossbows
  1235 | D:2      | Reached skill level 1 in Throwing
  1235 | D:2      | Reached skill level 1 in Armour
  1235 | D:2      | Reached skill level 1 in Stealth
  1235 | D:2      | Reached skill level 1 in Shields
  1235 | D:2      | Reached skill level 1 in Evocations
  1411 | D:2      | Reached XP level 4. HP: 34/34 MP: 9/11
  1475 | D:2      | Noticed Natasha
  1481 | D:2      | Killed Natasha
  1508 | D:2      | Reached skill level 1 in Conjurations
  1508 | D:2      | Reached skill level 1 in Hexes
  1508 | D:2      | Reached skill level 1 in Summonings
  1508 | D:2      | Reached skill level 1 in Necromancy
  1508 | D:2      | Reached skill level 1 in Translocations
  1508 | D:2      | Reached skill level 1 in Fire Magic
  1508 | D:2      | Reached skill level 1 in Ice Magic
  1508 | D:2      | Reached skill level 1 in Air Magic
  1508 | D:2      | Reached skill level 1 in Earth Magic
  1508 | D:2      | Reached skill level 1 in Poison Magic
  1690 | D:2      | Identified the +0 robe of the Sultana {rElec}
  1719 | D:2      | Identified the +1 leather armour "Qisegairph" {Rampage
                  | +Blink rElec rCorr}
  1733 | D:2      | Learned a level 2 spell: Wereblood
  1904 | D:2      | Noticed Natasha
  1913 | D:2      | Killed Natasha
  1914 | D:2      | Reached XP level 5. HP: 33/40 MP: 10/12
  2272 | D:3      | Learned a level 3 spell: Spider Form
  2657 | D:3      | Reached XP level 6. HP: 15/47 MP: 13/13
  3067 | D:4      | Found a runed translucent door.
  3067 | D:4      | Noticed flt's ghost (amateur VSTm)
  3091 | D:4      | Reached skill level 5 in Dodging
  3625 | D:4      | Reached XP level 7. HP: 33/52 MP: 15/15
  4290 | D:5      | Entered Level 5 of the Dungeon
  4301 | D:4      | Reached skill level 7 in Unarmed Combat
  4416 | D:5      | Slain by an ogre

Illustrated notes

Levels and vault maps discovered:
D:1:      saegor_arrival_simple_a, layout_loops_cross,
          shapermc_ecumenical_altar_rom_forum
D:2:      layout_loops_ring, kennysheep_crisscross, st_stairs_14,
          minmay_octomino_j4, uniq_natasha
D:3:      layout_rooms
D:4:      layout_basic, gammafunk_ghost_grave, serial_aquarium,
          aquarium_bridge_square [aquarium_subvault_wall,
          aquarium_subvault_bridge, aquarium_subvault_window,
          aquarium_subvault_bridge], aquarium_window_1, aquarium_window_1,
          aquarium_view_4, aquarium_pool_corner
D:5:      layout_basic, minmay_misc_feat_room

Skill      XL: |  1  2  3  4  5  6  7 |
---------------+----------------------+-----
Spellcasting   | 5 |  5.5
Invocations    | 1 2 |  2.6
Short Blades   | 1 2 |  2.3
Long Blades    | 1 2 |  2.3
Axes           | 1 2 |  2.3
Maces & Flails | 1 2 |  2.3
Polearms       | 1 2 |  2.3
Staves         | 1 2 |  2.3
Slings         | 1 2 |  2.3
Bows           | 1 2 |  2.3
Crossbows      | 1 2 |  2.3
Throwing       | 1 2 |  2.3
Armour         | 1 2 |  2.3
Stealth        | 1 2 |  2.3
Shields        | 1 2 |  2.3
Evocations     | 1 2 |  2.3
Conjurations   | 1 |  1.9
Hexes          | 1 |  1.9
Summonings     | 1 |  1.9
Necromancy     | 1 |  1.9
Translocations | 1 |  1.9
Fire Magic     | 1 |  1.9
Ice Magic      | 1 |  1.9
Air Magic      | 1 |  1.9
Earth Magic    | 1 |  1.9
Poison Magic   | 1 |  1.9
Fighting       | 3 |  3.5
Transmutations | 4 |  4.3
Dodging        | 5 |  5.2
Unarmed Combat | 7 |  7.0

Action                   |  1- 3 |  4- 6 |  7- 9 || total
-------------------------+-------+-------+-------++-------
Melee: Unarmed           |    81 |   127 |       ||   208
       Kick              |    12 |    24 |       ||    36
       Punch             |     6 |     4 |     1 ||    11
       Headbutt          |     9 |    16 |       ||    25
       Bite              |     4 |    10 |     2 ||    16
       Hand axe          |       |    25 |    27 ||    52
 Cast: Beastly Appendage |    27 |    21 |       ||    48
       Spider Form       |       |     1 |       ||     1
  Use: Potion            |       |     3 |       ||     3
 Stab: Sleeping          |     4 |     4 |     1 ||     9
Armor: Robe              |    11 |       |       ||    11
       Leather armour    |       |    30 |     2 ||    32
Dodge: Dodged            |    46 |    76 |    24 ||   146

Table legend: (Time is in decaauts)
 A = Elapsed time spent in this place.
 B = Non-inter-level travel time spent in this place.
 C = Inter-level travel time spent in this place.
 D = Time resting spent in this place.
 E = Time spent auto-exploring this place.
 F = Levels seen in this place.
 G = Mean time per level.
                   A        B        C        D        E       F      G
               +--------+--------+--------+--------+--------+-----+--------+
         Total |   4398 |   4265 |    133 |      0 |   3616 |   5 |  879.6 |
       Dungeon |   4398 |   4265 |    133 |      0 |   3616 |   5 |  879.6 |
               +--------+--------+--------+--------+--------+-----+--------+

Top non-repeatable levels by time:
     D:4: 1431 daAuts
     D:1: 1054 daAuts
     D:2: 959 daAuts
     D:3: 922 daAuts
     D:5: 29 daAuts
